 Dungeon Crawl Stone Soup version 0.31.0-12-g77e489cdc1 (webtiles) character file.

Game seed: 3372060034626003854

404 Gadfly the Sneak (level 6, 0/30 HPs)
             Began as a Spriggan Enchanter on Feb 18, 2024.
             Slain by a gnoll
             ... wielding a +0 spear
              (6 damage)
             ... on level 4 of the Dungeon.
             The game lasted 00:06:03 (3936 turns).

Gadfly the Sneak (Spriggan Enchanter)               Turns: 3936, Time: 00:06:03

Health: 0/30       AC:  2    Str:  4    XL:     6   Next: 56%
Magic:  1/12       EV: 19    Int: 17    God:
Gold:   1157       SH:  5    Dex: 17    Spells: 7/12 levels left

rFire   . . .        a - +1 dagger
rCold   . . .        (no shield)
rNeg    + . .        b - +0 robe
rPois   .            (helmet restricted)
rElec   .            (no cloak)
rCorr   .            (gloves unavailable)
SInv    +            (boots unavailable)
Will    +....        j - amulet of reflection
Stlth   +++          l - ring of positive energy
HPRegen 0.25/turn    (no ring)
MPRegen 0.13/turn

%: reflection
@: very slightly contaminated, very quick
A: very small, no large weapons, unfitting armour, see invisible, speed 3
a: no special abilities


You were on level 4 of the Dungeon.
You visited 1 branch of the dungeon, and saw 4 of its levels.

You collected 1157 gold pieces.

Inventory:

Hand Weapons
 a - a +1 dagger (weapon)
Armour
 b - a +0 robe (worn)
Jewellery
 g - an amulet of regeneration
 j - an amulet of reflection (around neck)
 l - a ring of positive energy (left hand)
 n - a ring of resist corrosion
Wands
 r - a wand of flame (12)
Scrolls
 f - a scroll of teleportation
 h - a scroll of identify
 m - a scroll of vulnerability
 p - a scroll of fog
 s - a scroll of fear {unknown}
 t - a scroll of blinking {unknown}
 u - a scroll of revelation {unknown}
Potions
 c - a potion of invisibility
 d - 2 potions of magic
 e - 2 potions of heal wounds
 i - a potion of curing
 k - a potion of degeneration {unknown}
 o - a potion of mutation {unknown}
 q - a potion of attraction {unknown}


   Skills:
 + Level 2.0 Fighting
 + Level 3.0 Short Blades
 + Level 4.2 Dodging
 + Level 5.9 Stealth
 + Level 3.9 Spellcasting
 + Level 4.7 Hexes
 + Level 2.9 Evocations


You had 7 spell levels left.
You knew the following spells:

 Your Spells              Type           Power      Damage    Failure   Level
a - Ensorcelled Hibernat  Hex/Ice        22%        N/A       9%          2
b - Confusing Touch       Hex            19%        N/A       7%          3

Your spell library contained the following spells:

 Spells                   Type           Power      Damage    Failure   Level
 Tukima's Dance           Hex            19%        N/A       7%          3
 Dazzling Flash           Conj/Hex       22%        N/A       19%         3
 Call Imp                 Summ           6%         N/A       24%         2
 Sublimation of Blood     Necr           3%         N/A       24%         2
 Summon Hydra             Summ           1%         N/A       100%        7


Dungeon Overview and Level Annotations

Branches:
Dungeon (4/15)
 Temple: D:4-7

Altars:
Hepliaklqana
Yredelemnul

Shops:
D:2 :

Annotations:
D:4 3 runed translucent doors, Gadfly's ghost, amateur SpEn


Innate Abilities, Weirdness & Mutations

You are very small and have problems with some larger weapons.
You are too small for most types of armour.
You have supernaturally acute eyesight. (SInv)
You cover ground extremely quickly. (Speed+++)


Message History

Casting: Ensorcelled Hibernation (safe; 10% risk of failure)
Confirm with . or Enter, or press ? or * to list all spells.
Aiming: Ensorcelled Hibernation (safe; 10% risk of failure)
Press: ? - help, Shift-Dir - straight line, f/p - howler monkey
Aim: a howler monkey (chance to affect: 53%)
The howler monkey looks drowsy...
The helpless howler monkey fails to defend itself.
You impale the howler monkey!!
You kill the howler monkey!
The gnoll misses you.
Your Fighting skill increases to level 2!
Your Short Blades skill increases to level 3!
Casting: Ensorcelled Hibernation (safe; 9% risk of failure)
Confirm with . or Enter, or press ? or * to list all spells.
Aiming: Ensorcelled Hibernation (safe; 9% risk of failure)
Press: ? - help, Shift-Dir - straight line, f - gnoll
Aim: a gnoll, wielding a +0 spear (chance to affect: 53%)
Your target is gone.
The gnoll resists with significant effort.
The gnoll hits you from afar with a +0 spear!
* * * LOW HITPOINT WARNING * * *
Unknown command.
Casting: Ensorcelled Hibernation (safe; 9% risk of failure)
Confirm with . or Enter, or press ? or * to list all spells.
Aiming: Ensorcelled Hibernation (safe; 9% risk of failure)
Press: ? - help, Shift-Dir - straight line, f/p - gnoll
Aim: a gnoll, wielding a +0 spear (chance to affect: 53%)
The gnoll looks drowsy...
Unknown command.
The gnoll shouts!
You hit the gnoll but do no damage. The gnoll hits you with a +0 spear.
* * * LOW HITPOINT WARNING * * *
Casting: Ensorcelled Hibernation (safe; 9% risk of failure)
Confirm with . or Enter, or press ? or * to list all spells.
You miscast Confusing Touch.
Nothing appears to happen.
The gnoll completely misses you.
You closely miss the gnoll. The gnoll hits you with a +0 spear.
* * * LOW HITPOINT WARNING * * *
You hit the gnoll but do no damage. The gnoll hits you with a +0 spear.
You die...

#..#.....#..#..#...###
##.##....##.##...###..
#..#..###.h.g.###....
##.####...#######.#.#
#..#...###..........
##...###...#.##.##.# .##
#.###...#.#....##..
.....#.#...###.####.####
#..g@.### #.####>....
####### #.#........
#.#.#...#.. #.#.#.#.#.#
#.#.#.#.#.# #.#.#.#.#
#.#.#.#<. #.....#..
###.#....


You could see a gnoll.

Vanquished Creatures
  An ogre (D:4)
  A howler monkey (D:4)
  A jelly (D:4)
  Natasha (thrice) (D:3)
  Ijyb (D:3)
  2 hound zombies (D:4)
  2 gnolls
  4 adders
  2 ribbon worms (D:3)
  A dart slug (D:3)
  2 orcs
  6 ball pythons
  A bat (D:3)
  7 endoplasms
  3 giant cockroaches
  4 goblins
  9 hobgoblins
  5 quokkas
  A frilled lizard (D:3)
  5 kobolds
  4 rats
65 creatures vanquished.

Notes
Turn   | Place    | Note
-------+----------+-------------------------------------------
     0 | D:1      | Gadfly the Spriggan Enchanter began the quest for the Orb.
     0 | D:1      | Reached XP level 1. HP: 9/9 MP: 5/5
   117 | D:1      | Reached XP level 2. HP: 7/13 MP: 6/6
   120 | D:1      | Learned a level 2 spell: Ensorcelled Hibernation
   458 | D:1      | Reached XP level 3. HP: 8/17 MP: 1/8
   794 | D:1      | Learned a level 3 spell: Confusing Touch
  1043 | D:2      | Reached skill level 1 in Evocations
  1076 | D:2      | Found Tileisal's Book Emporium.
  1247 | D:2      | Reached skill level 1 in Fighting
  1648 | D:3      | Noticed Natasha
  1657 | D:3      | Killed Natasha
  1658 | D:3      | Reached skill level 5 in Stealth
  1658 | D:3      | Reached XP level 4. HP: 22/22 MP: 4/9
  1757 | D:3      | Found a hazy altar of Hepliaklqana.
  1790 | D:3      | Noticed Natasha
  1799 | D:3      | Killed Natasha
  1842 | D:3      | Noticed Natasha
  1848 | D:3      | Killed Natasha
  1849 | D:3      | Reached XP level 5. HP: 14/25 MP: 4/11
  2544 | D:3      | Noticed Ijyb
  2548 | D:3      | Killed Ijyb
  2996 | D:3      | Identified a scroll of acquirement
  3242 | D:3      | Acquired 854 gold pieces
  3374 | D:4      | Noticed an ogre
  3390 | D:4      | Killed an ogre
  3391 | D:4      | Reached XP level 6. HP: 8/30 MP: 5/12
  3599 | D:4      | Found a runed translucent gate.
  3599 | D:4      | Found a runed translucent gate.
  3599 | D:4      | Found a runed translucent gate.
  3599 | D:4      | Noticed Gadfly's ghost (amateur SpEn)
  3601 | D:4      | Found a basalt altar of Yredelemnul.
  3936 | D:4      | Slain by a gnoll

Illustrated notes

Levels and vault maps discovered:
D:1:      minmay_arrival_stair_chambers, layout_rooms
D:2:      layout_loops_ring, serial_shops, shop
D:3:      layout_basic, mainiacjoe_overflow_paths, serial_bayou,
          serial_bayou_shore_b, serial_bayou_lake_a, serial_bayou_lagoon_a,
          serial_bayou_crossing, chequers_big_river, minmay_increasing_density,
          uniq_natasha, uniq_ijyb
D:4:      minmay_skewed_foursquare, layout_basic,
          nicolae_yredelemnul_ghost_church, ebering_ghost_inner_flame

Skill      XL: |  1  2  3  4  5  6 |
---------------+-------------------+-----
Dodging        | 3 4 |  4.2
Spellcasting   | 3 |  3.9
Evocations     | 1 2 |  2.9
Fighting       | 1 2 |  2.0
Hexes          | 4 |  4.7
Stealth        | 5 |  5.9
Short Blades   | 2 3 |  3.0

Action                     |  1- 3 |  4- 6 || total
---------------------------+-------+-------++-------
  Melee: Dagger            |    64 |    82 ||   146
         Punch             |     1 |       ||     1
   Cast: Ensorcelled Hiber |    15 |    27 ||    42
         Confusing Touch   |       |     2 ||     2
    Use: Potion            |     1 |     1 ||     2
         Scroll            |     5 |     4 ||     9
   Stab: Invisible         |     2 |       ||     2
         Sleeping          |    19 |    28 ||    47
         Confused          |       |     2 ||     2
 Armour: Robe              |    17 |    25 ||    42
  Dodge: Dodged            |    41 |    43 ||    84
  Block: Other             |       |    10 ||    10
